 Dungeon Crawl Stone Soup version 0.27-a0-242-ge0fc76b88b (webtiles) character file.

Game seed: 2972153641685766066

33 Borgoz the Slasher (level 3, 0/30 HPs)
             Began as a Ghoul Gladiator on Feb 2, 2021.
             Slain by Sigmund
             ... wielding a +2 scythe of protection
              (7 damage)
             ... on level 2 of the Dungeon.
             The game lasted 00:01:31 (1659 turns).

Borgoz the Slasher (Ghoul Gladiator)                Turns: 1659, Time: 00:01:32

Health: 0/30       AC:  8    Str: 15 (17) XL:     3   Next: 29%
Magic:  2/2        EV: 11    Int:  1 (3)  God:
Gold:   73         SH:  0    Dex:  9 (11) Spells: 2/2 levels left

rFire    . . .     SeeInvis .   a - +0 long sword
rCold    + + .     Faith    .   (no shield)
rNeg     + + +     Spirit   .   i - +0 ring mail
rPois    ∞         Reflect  .   c - +0 helmet
rElec    .         Harm     .   j - +0 cloak
rCorr    .         Rampage  .   (no gloves)
Will     .....                  l - +0 pair of boots
Stlth    ..........             (no amulet)
HPRegen  0.00/turn              m - ring of protection from cold
MPRegen  0.08/turn              (no ring)

@: confused, hasted, very quick
A: claws 1, cold resistance 1, negative energy resistance 3, inhibited
regeneration, torment resistance, unbreathing
a: no special abilities


You were on level 2 of the Dungeon.
You visited 1 branch of the dungeon, and saw 2 of its levels.

You collected 73 gold pieces.

Inventory:

Hand Weapons
 a - a +0 long sword (weapon)
Missiles
 d - 3 throwing nets (quivered)
Armour
 c - a +0 helmet (worn)
 i - a +0 ring mail (worn)
 j - a +0 cloak (worn)
 l - a +0 pair of boots (worn)
Jewellery
 g - an uncursed ring of ice
 m - a ring of protection from cold (left claw)
Scrolls
 e - a scroll of random uselessness {unknown}
 f - 2 scrolls of remove curse
 h - 2 scrolls of identify {unknown}
 k - 2 scrolls of magic mapping {unknown}


   Skills:
 + Level 2.6 Fighting
 * Level 3.2 Long Blades
 - Level 1.7 Throwing
 + Level 0.9 Armour
 + Level 2.9 Dodging


You had 2 spell levels left.
You didn't know any spells.
Your spell library was empty.

Dungeon Overview and Level Annotations

Branches:
Dungeon (2/15)

Altars:
Zin
The Shining One

Annotations:
D:2 Sigmund


Innate Abilities, Weirdness & Mutations

You thrive by killing the living.
You are immune to poison.
You have sharp fingernails.
Your flesh is cold resistant. (rC+)
You are immune to negative energy. (rN+++)
You do not regenerate when monsters are visible.
You are immune to unholy pain and torment.
You can survive without breathing.


Message History

Sigmund flickers and vanishes!
Deactivating autopickup; reactivate with Ctrl-A.
No target in view!
You closely miss something. Something hits you but does no damage.
It was a potion of curing.
You feel better. Something hits you!
It was a potion of haste.
You feel yourself speed up.
It was a potion of degeneration.
There was something very wrong with that liquid.
You feel weakened.
You feel dopey.
You feel clumsy.
You hear some strange, mumbled words.
A puff of flame appears from out of thin air!
The puff of flame hits you.
You closely miss something.
You hear some strange, mumbled words.
You are confused.
You bump into the rock wall.
Something hits you!
* * * LOW HITPOINT WARNING * * *
You barely miss something. Something hits you!
You die...

.. .... #. .... #.
#..# #. #[.# #. #..#
## # ##.###..# ..
#...#...##..## .#
#.....{.@....#..##
...##...##."†#...##.
##.###...#.._..#
............#
###..........#
#######.#### #.# #.#
###.#


There were no monsters in sight!

Vanquished Creatures
  An adder (D:2)
  A dart slug (D:1)
  A leopard gecko (D:1)
  3 bats (D:2)
  2 giant cockroaches
  A goblin (D:1)
  4 hobgoblins (D:1)
  3 kobolds (D:1)
  A ball python (D:1)
  A frilled lizard (D:1)
  3 rats (D:1)
21 creatures vanquished.

Notes
Turn   | Place    | Note
-------+----------+-------------------------------------------
     0 | D:1      | Borgoz the Ghoul Gladiator began the quest for the Orb.
     0 | D:1      | Reached XP level 1. HP: 17/17 MP: 0/0
   398 | D:1      | Reached XP level 2. HP: 22/25 MP: 1/1
   404 | D:1      | Reached skill level 3 in Long Blades
  1008 | D:1      | Found a glowing golden altar of the Shining One.
  1510 | D:2      | Reached XP level 3. HP: 30/30 MP: 2/2
  1623 | D:2      | Found a glowing silver altar of Zin.
  1648 | D:2      | Noticed Sigmund
  1659 | D:2      | Slain by Sigmund

Illustrated notes

Levels and vault maps discovered:
D:1:      onia_arrival_mini_maze_b, layout_basic, tso_metal_star
D:2:      layout_loops_ring, overflow_temple_1_default,
          nemelex_xobeh_ov_fountains_minmay, vehumet_crystals,
          chequers_ecumenical_altar_simple, uniq_robin, uniq_natasha,
          uniq_sigmund

Skill      XL: |  1  2 |
---------------+-------+-----
Long Blades    | 3 |  3.2
Fighting       | |  2.6
Throwing       | |  1.7
Armour         | |  0.9
Dodging        | |  2.9

Action                   || total
-------------------------++-------
Melee: Long sword        ||    60
  Use: Potion            ||     3
       Scroll            ||     1
Armor: Leather armour    ||    12
       Ring mail         ||    16
Dodge: Dodged            ||    43
       Rpst.: Long sword ||    17

Table legend: (Time is in decaauts)
 A = Elapsed time spent in this place.
 B = Non-inter-level travel time spent in this place.
 C = Inter-level travel time spent in this place.
 D = Time resting spent in this place.
 E = Time spent auto-exploring this place.
 F = Levels seen in this place.
 G = Mean time per level.
                   A        B        C        D        E       F      G
               +--------+--------+--------+--------+--------+-----+--------+
         Total |   1670 |   1596 |     74 |    371 |   1022 |   2 |  835.0 |
       Dungeon |   1670 |   1596 |     74 |    371 |   1022 |   2 |  835.0 |
               +--------+--------+--------+--------+--------+-----+--------+

Top non-repeatable levels by time:
     D:1: 1445 daAuts
     D:2: 225 daAuts
